Map: Gresvan LE

Players

A.I. 1 (Very Easy)

  • Race: Zerg Zerg
  • Spawn Location: 5:00

MattBarry

  • Race: Protoss Protoss
  • League: Gold
  • Spawn Location: 11:00

VOD

Have the link to the VOD?

Description

Time

  • Played on: Feb. 18, 2023, 2:31 a.m.
  • Length: 4:30
Show
View Real Time Build Order
Export as new Build Order

A.I. 1 (Very Easy) Zerg 

Build Orders:  

Get SALT Encoding   

  12  0:00  Zerg Flyer Weapons Level 3 x2, Zerg Flyer Weapons Level 2 x2, Protoss Air Armor Level 1 x2, Terran Infantry Weapons Level 3 x2, Mag-Field Accelerator x2, Muscular Augments x2, Terran Infantry Armor Level 3 x2, Hyperflight Rotors x2, Protoss Shields Level 2 x2, Terran Vehicle And Ship Armor Level 1 x2, Durable Materials x2, Protoss Ground Weapons Level 2 x2, Zerg Missile Weapons Level 1 x2, Terran Vehicle Weapons Level 1 x2, Terran Ship Weapons Level 2 x2, Protoss Ground Armor Level 3 x2, Gravitic Boosters, Protoss Ground Armor Level 2 x2, Zerg Melee Weapons Level 3 x2, Smart Servos x2, Advanced Ballistics x2, Terran Vehicle Weapons Level 2 x2, Terran Vehicle And Ship Armor Level 2 x2, Corvid Reactor x2, Concussive Shells, Terran Vehicle And Ship Armor Level 3 x2, Protoss Air Armor Level 3 x2, Centrifugal Hooks x2, Cloaking Field x2, Terran Infantry Armor Level 1 x2, Seismic Spines, Adaptive Talons, Glial Reconstitution x2, Shadow Stride x2, Terran Ship Weapons Level 3 x2, Rapid Reignition System, Protoss Ground Weapons Level 1 x2, Anion Pulse-Crystals, Zerg Missile Weapons Level 2 x2, Protoss Ground Armor Level 1 x2, Flux Vanes, Stimpack x2, Psionic Storm x2, Protoss Air Armor Level 2 x2, Terran Infantry Weapons Level 1 x2, Protoss Air Weapons Level 3 x2, Charge x2, Pathogen Glands, Zerg Flyer Weapons Level 1 x2, Adrenal Glands x2, Protoss Shields Level 3 x2, Drilling Claws x2, Gravitic Drive, Zerg Ground Armor Level 2 x2, Grooved Spines x2, Zerg Flyer Armor Level 1 x2, Protoss Air Weapons Level 2 x2, Terran Infantry Armor Level 2 x2, Personal Cloaking x2, Zerg Missile Weapons Level 3 x2, Protoss Air Weapons Level 1 x2, Tunneling Claws x2, Chitinous Plating x2, Zerg Ground Armor Level 1 x2, Pneumatized Carapace, Zerg Flyer Armor Level 2 x2, Terran Vehicle Weapons Level 3 x2, Burrow x2, Neosteel Frame x2, Terran Ship Weapons Level 1 x2, Zerg Melee Weapons Level 1 x2, Neosteel Armor x2, Enhanced Shockwaves x2, Hi-Sec Auto Tracking, Terran Infantry Weapons Level 2 x2, Combat Shield x2, Resonating Glaives x2, Weapon Refit x2, Anabolic Synthesis, Zerg Melee Weapons Level 2 x2, Zerg Ground Armor Level 3 x2, Neural Parasite x2, Protoss Shields Level 1 x2, Blink x2, Infernal Pre-Igniter x2, Protoss Ground Weapons Level 3 x2, Zerg Flyer Armor Level 3 x2, Metabolic Boost x2, Extended Thermal Lance x2, Warp Gate x2  
  12  0:03  Overlord  
    0:07  Anion Pulse-Crystals  
    0:09  Drone x12  
    0:14  Rapid Reignition System, Gravitic Boosters, Adaptive Talons, Hi-Sec Auto Tracking, Gravitic Drive, Seismic Spines, Pathogen Glands, Flux Vanes  
    0:19  Overlord  
    0:21  Unknown  
  12  0:25  Drone x12  
  12  0:28  Concussive Shells, Pneumatized Carapace, Anabolic Synthesis  
  13  0:34  Unknown  
    0:37  Unknown  
  14  1:11  Unknown  
  14  1:18  Overlord  
    1:24  Drone x12  
    1:36  Unknown  
Show
View Real Time Build Order
Export as new Build Order

MattBarry Protoss 

Build Orders: Blink Stalkers 

Get SALT Encoding   

  12  0:00  Zerg Flyer Weapons Level 3 x2, Zerg Flyer Weapons Level 2 x2, Protoss Air Armor Level 1 x2, Terran Infantry Weapons Level 3 x2, Mag-Field Accelerator x2, Muscular Augments x2, Terran Infantry Armor Level 3 x2, Hyperflight Rotors x2, Protoss Shields Level 2 x2, Terran Vehicle And Ship Armor Level 1 x2, Durable Materials x2, Protoss Ground Weapons Level 2 x2, Zerg Missile Weapons Level 1 x2, Terran Vehicle Weapons Level 1 x2, Terran Ship Weapons Level 2 x2, Protoss Ground Armor Level 3 x2, Gravitic Boosters, Protoss Ground Armor Level 2 x2, Zerg Melee Weapons Level 3 x2, Smart Servos x2, Advanced Ballistics x2, Terran Vehicle Weapons Level 2 x2, Terran Vehicle And Ship Armor Level 2 x2, Corvid Reactor x2, Concussive Shells, Terran Vehicle And Ship Armor Level 3 x2, Protoss Air Armor Level 3 x2, Centrifugal Hooks x2, Cloaking Field x2, Terran Infantry Armor Level 1 x2, Seismic Spines, Adaptive Talons, Glial Reconstitution x2, Shadow Stride x2, Terran Ship Weapons Level 3 x2, Rapid Reignition System, Protoss Ground Weapons Level 1 x2, Anion Pulse-Crystals, Zerg Missile Weapons Level 2 x2, Protoss Ground Armor Level 1 x2, Flux Vanes, Stimpack x2, Psionic Storm x2, Protoss Air Armor Level 2 x2, Terran Infantry Weapons Level 1 x2, Protoss Air Weapons Level 3 x2, Charge x2, Pathogen Glands, Zerg Flyer Weapons Level 1 x2, Adrenal Glands x2, Protoss Shields Level 3 x2, Drilling Claws x2, Gravitic Drive, Zerg Ground Armor Level 2 x2, Grooved Spines x2, Zerg Flyer Armor Level 1 x2, Protoss Air Weapons Level 2 x2, Terran Infantry Armor Level 2 x2, Personal Cloaking x2, Zerg Missile Weapons Level 3 x2, Protoss Air Weapons Level 1 x2, Tunneling Claws x2, Chitinous Plating x2, Zerg Ground Armor Level 1 x2, Pneumatized Carapace, Zerg Flyer Armor Level 2 x2, Terran Vehicle Weapons Level 3 x2, Burrow x2, Neosteel Frame x2, Terran Ship Weapons Level 1 x2, Zerg Melee Weapons Level 1 x2, Neosteel Armor x2, Enhanced Shockwaves x2, Hi-Sec Auto Tracking, Terran Infantry Weapons Level 2 x2, Combat Shield x2, Resonating Glaives x2, Weapon Refit x2, Anabolic Synthesis, Zerg Melee Weapons Level 2 x2, Zerg Ground Armor Level 3 x2, Neural Parasite x2, Protoss Shields Level 1 x2, Blink x2, Infernal Pre-Igniter x2, Protoss Ground Weapons Level 3 x2, Zerg Flyer Armor Level 3 x2, Metabolic Boost x2, Extended Thermal Lance x2, Warp Gate x2  
    0:07  Anion Pulse-Crystals  
    0:09  Probe x12  
    0:14  Rapid Reignition System, Gravitic Boosters, Adaptive Talons, Hi-Sec Auto Tracking, Gravitic Drive, Seismic Spines, Pathogen Glands, Flux Vanes  
    0:21  Unknown  
  12  0:25  Probe x12  
  12  0:28  Concussive Shells, Pneumatized Carapace, Anabolic Synthesis  
  12  0:34  Unknown  
    0:37  Unknown  
  12  1:11  Unknown  
  12  1:18  Overlord  
    1:24  Drone x12  
    1:36  Unknown  
Tags
 
Composition
Blink Stalkers
League
Gold
Matchup
PvZ
Replay Pack
Multiplayer
Spawn Locations
Cross Positions
Add a new tag
Caveats
  • Supply blocks, unpowered buildings, or Contaminate may cause inaccurate times.
  • Supply counts are checked every 10 seconds.